 Dungeon Crawl Stone Soup version 0.30-a0-50-gb2d611f6b1 (webtiles) character file.

Game seed: 13219418125909392734

109 timneilson the Shield-Bearer (level 4, -7/28 HPs)
             Began as a Gargoyle Fighter on Sept 3, 2022.
             Mangled by an iguana (9 damage)
             ... on level 4 of the Dungeon.
             The game lasted 00:03:49 (4221 turns).

timneilson the Shield-Bearer (Gargoyle Fighter)     Turns: 4221, Time: 00:03:50

Health: -7/28      AC: 11    Str: 22    XL:     4   Next: 90%
Magic:  4/4        EV:  9    Int:  8    God:
Gold:   277        SH:  5    Dex:  9    Spells: 3/3 levels left

rFire   . . .      SeeInvis .    a - +0 long sword
rCold   . . .      Faith    .    c - +1 buckler
rNeg    + . .      Spirit   .    b - +0 scale mail
rPois   ∞          Reflect  .    (no helmet)
rElec   +          Harm     .    h - +0 cloak
rCorr   .          Rampage  .    (no gloves)
Will    .....                    (no boots)
Stlth   ..........               (no amulet)
HPRegen 0.09/turn                (no ring)
MPRegen 0.09/turn                (no ring)

@: mighty
A: sickness immunity, AC +3, negative energy resistance 1, electricity
resistance, torment resistance 1, petrification resistance
a: no special abilities


You were on level 4 of the Dungeon.
You visited 1 branch of the dungeon, and saw 4 of its levels.

You collected 277 gold pieces.

Inventory:

Hand Weapons
 a - a +0 long sword (weapon)
Armour
 b - a +0 scale mail (worn)
 c - a +1 buckler (worn)
 h - a +0 cloak (worn)
Jewellery
 q - a ring of positive energy
Wands
 m - a wand of iceblast (8)
Scrolls
 e - a scroll of fog
 f - 3 scrolls of teleportation
 j - a scroll of enchant armour
 o - a scroll of identify {unknown}
Potions
 g - a potion of flight {unknown}
 i - 2 potions of invisibility {unknown}
 k - a potion of curing {unknown}
 l - a potion of attraction {unknown}
 n - a potion of haste {unknown}
 p - a potion of heal wounds {unknown}
 r - a potion of mutation {unknown}


   Skills:
 + Level 3.6 Fighting
 * Level 2.7 Long Blades
 * Level 4.1 Armour
 + Level 0.7 Dodging
 * Level 4.1 Shields
 + Level 0.1 Evocations


You had 3 spell levels left.
You didn't know any spells.
Your spell library contained the following spells:

 Spells                   Type           Power      Damage    Failure   Level
 Beastly Appendage        Tmut           0%         N/A       82%         1
 Wereblood                Tmut           0%         N/A       91%         2
 Conjure Flame            Conj/Fire      0%         6-21      99%         3
 Ignite Poison            Fire/Tmut/Pois 0%         N/A       99%         3
 Spider Form              Tmut/Pois      0%         N/A       99%         3
 Sticky Flame             Conj/Fire      0%         2d3       100%        4
 Summon Lightning Spire   Summ/Air       0%         N/A       100%        4
 Storm Form               Tmut/Air       0%         N/A       100%        7
 Maxwell's Capacitive Co  Air            0%         ∞         100%        8


Dungeon Overview and Level Annotations

Branches:
Dungeon (4/15)
 Temple: D:4-7

Altars:
Dithmenos
Nemelex Xobeh
Uskayaw


Innate Abilities, Weirdness & Mutations

You are immune to sickness and miasma.
Your stone body is resilient. (AC +3)
You are immune to poison.
You resist negative energy. (rN+)
You are resistant to electric shocks. (rElec)
You are resistant to unholy torment.
You are immune to petrification.


Message History

r - a sedimented blue potion An iguana comes into view.
Found a shiny ring mail.
The iguana hisses angrily.
You closely miss the iguana.
The iguana bites you but does no damage.
You block the goblin's attack.
You barely miss the iguana. You block the iguana's attack.
The goblin hits you but does no damage.
The iguana bites you but does no damage.
The goblin closely misses you.
You barely miss the iguana. You block the iguana's attack.
The goblin hits you with a +0 dagger.
You completely miss the iguana. The iguana bites you!
The goblin hits you but does no damage.
You hit the iguana but do no damage. The iguana bites you.
You block the goblin's attack. You block the iguana's attack.
The goblin hits you but does no damage.
You are too injured to fight recklessly!
You are too injured to fight recklessly!
You are too injured to fight recklessly!
You are too injured to fight recklessly!
The goblin attacks as you move away! The goblin barely misses you.
The iguana attacks as you move away!
The iguana bites you but does no damage.
The iguana attacks as you move away! The iguana bites you.
The iguana attacks as you move away! The iguana bites you!
* * * LOW HITPOINT WARNING * * *
You feel very mighty all of a sudden. The iguana barely misses you.
You slash the iguana!
The iguana is heavily wounded.
The iguana barely misses you.
You barely miss the iguana.
The iguana is heavily wounded.
The iguana closely misses you.
You closely miss the iguana.
The iguana is heavily wounded.
The iguana bites you!
You die...

##.......#...#
#....#
.#........#...#
#.....
............#.###
#.....
##########..#.###
#.....
.........#...#######
#.....
.#####...###.......#
#..... #...#
#.......# #<....
#...###.......#
#.....
#...gl@.......#
#.#...
##..###.###...#
#....# .....#
#.......# #....#
####.## #.#.....#
#....# #.. ..#.....#
#....# #.. .#....##
#..... ..
.#....#####.^... .
.+..............
#....#####.....


You could see an iguana and a goblin.

Vanquished Creatures
  3 adders
  A worm (D:3)
  2 dart slugs
  8 orcs
  8 endoplasms
  3 giant cockroaches
  4 goblins
  8 hobgoblins
  4 kobolds
  A quokka (D:3)
  6 ball pythons
  6 bats
  5 frilled lizards
  2 rats (D:2)
61 creatures vanquished.

Notes
Turn   | Place    | Note
-------+----------+-------------------------------------------
     0 | D:1      | timneilson the Gargoyle Fighter began the quest for the
                  | Orb.
     0 | D:1      | Reached XP level 1. HP: 14/14 MP: 1/1
   373 | D:1      | Reached XP level 2. HP: 15/19 MP: 2/2
  1148 | D:1      | Found a faded altar of an unknown god.
  1164 | D:1      | Reached XP level 3. HP: 21/23 MP: 3/3
  1395 | D:1      | You fall into a shaft and drop 1 floor!
  2287 | D:2      | Identified the +3 mace "Giantbane" {elec, rC+}
  2293 | D:2      | Reached XP level 4. HP: 11/28 MP: 4/4
  3292 | D:3      | Found a shadowy altar of Dithmenos.
  3299 | D:3      | Found a sparkling altar of Nemelex Xobeh.
  3416 | D:3      | Found a hide-covered altar of Uskayaw.
  4217 | D:4      | HP: 1/28 [iguana (10)]
  4221 | D:4      | Mangled by an iguana

Illustrated notes

Levels and vault maps discovered:
D:1:      scummos_arrival_gate, layout_basic, hellmonk_ecumenical_altar_blasted
D:2:      layout_basic
D:3:      layout_basic, mainiacjoe_overflow_paths,
          mainiacjoe_overflow_tiny_flanked, mainiacjoe_overflow_catwalk,
          interstate_on_off
D:4:      layout_basic, lemuel_tele_altar

Skill      XL: |  1  2  3  4 |
---------------+-------------+-----
Long Blades    | 2 |  2.7
Shields        | 4 |  4.1
Armour         | 4 |  4.1
Fighting       | |  3.6
Dodging        | |  0.7
Evocations     | |  0.1

Action                   |  1- 3 |  4- 6 || total
-------------------------+-------+-------++-------
Melee: Long sword        |   138 |    87 ||   225
  Use: Scroll            |     5 |     1 ||     6
       Potion            |       |     1 ||     1
Armor: Scale mail        |    49 |    51 ||   100
Dodge: Dodged            |    61 |    41 ||   102
Block: Buckler           |    32 |    27 ||    59

Table legend: (Time is in decaauts)
 A = Elapsed time spent in this place.
 B = Non-inter-level travel time spent in this place.
 C = Inter-level travel time spent in this place.
 D = Time resting spent in this place.
 E = Time spent auto-exploring this place.
 F = Levels seen in this place.
 G = Mean time per level.
                   A        B        C        D        E       F      G
               +--------+--------+--------+--------+--------+-----+--------+
         Total |   4296 |   4244 |     52 |    113 |   3485 |   4 | 1074.0 |
       Dungeon |   4296 |   4244 |     52 |    113 |   3485 |   4 | 1074.0 |
               +--------+--------+--------+--------+--------+-----+--------+

Top non-repeatable levels by time:
     D:1: 1708 daAuts
     D:2: 1340 daAuts
     D:3: 845 daAuts
     D:4: 402 daAuts
